 Dungeon Crawl Stone Soup version 0.27-a0-1202-ge72e49191c (webtiles) character file.

Game seed: 8534042225692995282

5239 robertstho the Destroyer (level 10, -2/80 HPs)
             Began as a Demigod Conjurer on June 2, 2021.
             Killed by divine providence
             ... invoked by an orc priest
              (10 damage)
             ... on level 8 of the Dungeon.
             The game lasted 00:25:29 (11159 turns).

robertstho the Destroyer (Demigod Conjurer)        Turns: 11159, Time: 00:25:30

Health: -2/80      AC: 12    Str:  8    XL:     10   Next: 14%
Magic:  8/25       EV: 23    Int: 32    God:
Gold:   461        SH:  0    Dex: 12    Spells: 13/23 levels left

rFire    . . .     SeeInvis .   (weapon currently unavailable)
rCold    . . .     Faith    .   (shield currently unavailable)
rNeg     + + +     Spirit   .   (armour currently unavailable)
rPois    +         Reflect  .   (helmet currently unavailable)
rElec    .         Harm     .   (cloak currently unavailable)
rCorr    .         Rampage  .   (gloves currently unavailable)
Will     +....                  (boots currently unavailable)
Stlth    +++.......             (no amulet)
HPRegen  0.23/turn              e - ring of flight
MPRegen  0.19/turn              x - +4 ring of evasion

@: fungus-form (expiring), marked, flying
A: melee confuse, terrified, no casting, tiny, high mp 1, forlorn
a: no special abilities


You were on level 8 of the Dungeon.
You were a sentient fungus.
You visited 1 branch of the dungeon, and saw 8 of its levels.

You collected 461 gold pieces.

Inventory:

Hand Weapons
 b - a +0 dagger
 i - a +0 long sword
 q - a +3 spectral quarterstaff (melded)
Missiles
 F - a curare-tipped dart
Armour
 a - a +1 robe
 h - a +0 helmet (melded)
 n - a +0 cloak (melded)
 r - a +0 pair of boots (melded)
 H - +0 steam dragon scales (melded)
Jewellery
 e - a ring of flight (left hypha)
 x - a +4 ring of evasion (right hypha)
Wands
 u - a wand of iceblast (12)
 v - a wand of polymorph (10)
 w - a wand of digging (3)
Scrolls
 c - 2 scrolls of amnesia
 f - 3 scrolls of fog
 l - a scroll of vulnerability
 m - a scroll of magic mapping
 s - a scroll of brand weapon
 A - a scroll of enchant weapon
Potions
 g - a potion of invisibility {unknown}
 j - 2 potions of magic {unknown}
 o - a potion of ambrosia
 p - 2 potions of degeneration
 t - 2 potions of flight
 z - a potion of resistance {unknown}
 C - a potion of brilliance {unknown}
 D - a potion of haste
 E - a potion of mutation {unknown}
 G - a potion of attraction {unknown}


   Skills:
 * Level 4.8 Fighting
 + Level 2.8 Staves
 + Level 3.5 Dodging
 + Level 4.7 Stealth
 * Level 7.4 Spellcasting
 * Level 8.8 Conjurations
 + Level 3.2 Hexes
 + Level 0.1 Evocations


You had 13 spell levels left.
You knew the following spells:

 Your Spells              Type           Power      Damage    Failure   Level
a - Magic Dart            Conj           100%       1d8       1%          1
b - Searing Ray           Conj           100%       3d7       1%          2
c - Dazzling Flash        Conj/Hex       100%       N/A       1%          3
d - Fulminant Prism       Conj/Hex       25%        3d14      3%          4

Your spell library contained the following spells:

 Spells                   Type           Power      Damage    Failure   Level
 Foxfire                  Conj/Fire      100%       2x1d9     1%          1
 Slow                     Hex            32%        N/A       1%          2
 Conjure Flame            Conj/Fire      40%        6-21      1%          3
 Stone Arrow              Conj/Erth      80%        3d12      1%          3
 Mephitic Cloud           Conj/Pois/Air  30%        N/A       3%          3
 Sandblast                Erth           22%        2d7       4%          1
 Blink                    Tloc           N/A        N/A       6%          2
 Call Imp                 Summ           11%        N/A       6%          2
 Passwall                 Tmut/Erth      9%         N/A       6%          2
 Inner Flame              Hex/Fire       22%        N/A       6%          3
 Iskenderun's Mystic Bla  Conj/Tloc      40%        2d9       6%          4
 Sticky Flame             Conj/Fire      40%        2d6       6%          4
 Fireball                 Conj/Fire      20%        3d10      19%         5
 Petrify                  Tmut/Erth      11%        N/A       36%         4
 Lee's Rapid Deconstruct  Erth           5%         3d7*      73%         5


Dungeon Overview and Level Annotations

Branches:
Dungeon (8/15)             Temple (0/1) D:7
   Lair: D:8-11

Shops:
D:2 :

Annotations:
D:7 2 transporters, lunkers's ghost, novice OpEE


Innate Abilities, Weirdness & Mutations

You are a sentient fungus.
You are tiny and evasive.
Your melee attack releases spores that confuse breathing creatures.
You become terrified and freeze when enemies are visible.
Your armour is entirely melded.
You are incapable of wielding weapons or throwing items.
You cannot cast spells.
Your attributes grow dramatically as you level up.
You have an increased reservoir of magic. (+10% MP)
You shall have no god before yourself.


Message History

The steam dragon completely misses you.
The steam dragon claws you but does no damage.
The orc priest completely misses you.
The gnoll sergeant hits you but does no damage.
Unknown command.
You release spores at the orc priest but do no damage.
The orc priest appears confused.
The orc priest is lightly wounded.
An orc priest comes into view. It is wielding a +0 hand axe.
The steam dragon completely misses you. The steam dragon closely misses you.
The gnoll throws a stone.
The stone barely misses you. The orc priest completely misses you.
The gnoll sergeant barely misses you.
You release spores at the orc priest!
You kill the orc priest!
The steam dragon completely misses you. The steam dragon claws you.
* * * LOW HITPOINT WARNING * * *
Unknown command.
You release spores at the gnoll.
The gnoll appears confused.
The gnoll is lightly wounded.
The gnoll sergeant misses you.
An orc priest comes into view. It is wielding a +0 dagger.
The wight misses you.
The orc priest begins to cast a cantrip, but forgets the words!
Unknown command.
You release spores at the wight!
The wight is heavily damaged.
The steam dragon bites you.
* * * LOW HITPOINT WARNING * * *
The steam dragon claws you but does no damage.
The gnoll barely misses the wight.
The gnoll sergeant completely misses you.
The wight completely misses you.
You release spores at the wight but do no damage.
The wight is heavily damaged.
The steam dragon bites the gnoll sergeant.
The steam dragon claws the gnoll sergeant but does no damage.
The gnoll completely misses you.
The orc priest invokes the aid of Beogh against you.
Beogh smites you!
You die...

# ### #############
##.##.## #.....{......
##....).###.##########D
#.....fDgZ.o##### #§
#...?##gz.o.......# #§
###.....g.......... #.
##..##...........# #D
#.##
........##########g ##.
........y.# #.....
###..# ###.........
....... ##....#
##........ .......
##..... #.........
.......


You could see a hornet (confused), a steam dragon (confused), a gnoll sergeant,
a wight, 2 orc priests, 2 gnolls and a howler monkey zombie.

Vanquished Creatures
  Pikel (D:8)
  Maggie (D:6)
  Psyche (D:8)
  Grinder (D:6)
  Prince Ribbit (D:6)
  A steam dragon (D:7)
  2 water moccasins
  A black bear (D:6)
  3 sky beasts
  6 ice beasts
  3 ogres
  2 centaurs
  A phantom (D:4)
  2 kobold brigands
  A wyvern zombie (D:6)
  A water moccasin zombie (D:6)
  A scorpion (D:4)
  A water moccasin skeleton (D:7)
  A killer bee (D:8)
  A vampire bat (D:7)
  2 bullfrog zombies (D:5)
  A centaur zombie (D:8)
  5 jellies
  Crazy Yiuf (D:2)
  A gnoll shaman (D:5)
  A hound (D:5)
  3 orc priests
  A bullfrog skeleton (D:4)
  Jessica (D:2)
  2 iguanas (D:4)
  3 hell rats (D:7)
  3 orc wizards
  A hound skeleton (D:4)
  8 adders
  11 gnolls
  9 river rats (D:7)
  A shadow imp (D:7)
  3 white imps
  2 adder skeletons
  A worm (D:4)
  3 dart slugs
  15 orcs
  7 ball pythons
  5 endoplasms
  5 giant cockroaches
  4 goblins
  7 hobgoblins
  11 jackals
  13 kobolds
  6 quokkas
  13 bats
  A frilled lizard (D:2)
  17 rats
199 creatures vanquished.

Vanquished Creatures (others)
  Harold (D:8)
  A gnoll (D:8)
  67 fulminant prisms
  A fungus (D:2)
  6 plants (D:7)
76 creatures vanquished.

Grand Total: 275 creatures vanquished

Notes
Turn   | Place    | Note
-------+----------+-------------------------------------------
     0 | D:1      | robertstho the Demigod Conjurer began the quest for the
                  | Orb.
     0 | D:1      | Reached XP level 1. HP: 14/14 MP: 5/5
   294 | D:1      | Reached skill level 4 in Conjurations
   441 | D:1      | Reached XP level 2. HP: 20/20 MP: 5/7
  1329 | D:2      | Reached XP level 3. HP: 22/26 MP: 3/8
  1440 | D:2      | Found Lanis's Book Shoppe.
  1972 | D:2      | Noticed Jessica
  1976 | D:2      | Killed Jessica
  1977 | D:2      | Reached XP level 4. HP: 33/33 MP: 4/9
  2499 | D:2      | Reached skill level 5 in Conjurations
  2609 | D:2      | Found a runed translucent door.
  2613 | D:2      | Learned a level 2 spell: Searing Ray
  2617 | D:2      | Learned a level 3 spell: Dazzling Flash
  2617 | D:2      | Noticed Crazy Yiuf
  2623 | D:2      | Killed Crazy Yiuf
  2956 | D:3      | Reached XP level 5. HP: 39/39 MP: 7/11
  3131 | D:3      | Noticed a centaur
  3137 | D:3      | Killed a centaur
  3744 | D:3      | Reached skill level 1 in Fighting
  3996 | D:4      | Reached XP level 6. HP: 37/47 MP: 3/13
  4079 | D:4      | Learned a level 4 spell: Fulminant Prism
  4400 | D:4      | Reached skill level 6 in Conjurations
  4932 | D:4      | Reached XP level 7. HP: 50/52 MP: 9/16
  5598 | D:5      | Entered Level 5 of the Dungeon
  7103 | D:5      | Reached XP level 8. HP: 62/62 MP: 10/18
  7511 | D:6      | Reached skill level 1 in Staves
  7568 | D:6      | Reached skill level 5 in Spellcasting
  7764 | D:6      | Reached skill level 7 in Conjurations
  7807 | D:6      | Reached skill level 1 in Hexes
  8295 | D:6      | Noticed Grinder
  8407 | D:6      | Noticed Prince Ribbit
  8414 | D:6      | Killed Prince Ribbit
  8669 | D:6      | Noticed Maggie
  8684 | D:6      | Killed Maggie
  8719 | D:6      | Reached XP level 9. HP: 55/70 MP: 3/21
  9113 | D:7      | Identified the +4 spear "Col Faun" {venom, Contam rF+
                  | Str+5}
  9236 | D:6      | Killed Grinder
  9352 | D:7      | Reached skill level 8 in Conjurations
  9535 | D:7      | Noticed lunkers's ghost (novice OpEE)
  9556 | D:7      | Identified the ring "Saugilal" {rF+ Dex+6}
  9633 | D:7      | Found a staircase to the Ecumenical Temple.
  9804 | D:7      | Found a transporter.
  9807 | D:7      | Found a transporter.
 10990 | D:8      | Noticed Pikel
 11070 | D:8      | Noticed Harold
 11081 | D:8      | Noticed Psyche
 11111 | D:8      | Killed Pikel
 11116 | D:8      | Killed Harold
 11117 | D:8      | Reached XP level 10. HP: 12/80 MP: 1/25
 11146 | D:8      | Killed Psyche
 11159 | D:8      | Killed from afar by an orc priest

Illustrated notes

Levels and vault maps discovered:
D:1:      sevenhm_arrival_forest_fort_large_2, layout_rooms,
          shapermc_ecumenical_altar_venn, serial_rivers,
          chequers_serial_rivers_large_a, chequers_serial_rivers_marsh,
          chequers_serial_rivers_micro_e, chequers_serial_rivers_micro_e,
          chequers_serial_rivers_room_b, hangedman_decor_points
D:2:      layout_basic, serial_shops, shop, feat_on_display,
          uniq_crazy_yiuf_cottage, uniq_jessica
D:3:      layout_loops_ring, eat_drink_and_be_merry_uskayaw, serial_aquarium,
          aquarium_bridge_straight [aquarium_subvault_bridge,
          aquarium_subvault_balcony, aquarium_subvault_bridge,
          aquarium_subvault_wall], aquarium_window_fake, aquarium_window_2,
          aquarium_window_fake, aquarium_window_fake, aquarium_view_2b,
          aquarium_pool_corner, feat_on_display
D:4:      layout_loops_ring, nzn_wu_jian_council_hall, serial_park_tiny_1,
          minmay_misc_feat_pillars, kennysheep_generic_room_8
D:5:      layout_rooms, nicolae_ru_path_of_blood, bloody_makhleb
D:6:      layout_loops_corners, uniq_prince_ribbit1, uniq_maggie, uniq_grinder
D:7:      lemuel_ratsnest, layout_rooms, tso_metal_star, lemuel_doored_altar,
          kennysheep_mini, minmay_temple_entry_antechambers,
          gammafunk_ghost_gnarly_gnolls, roderic_batcave
D:8:      minmay_general_purpose_star, layout_cave_pools, serial_rivers,
          chequers_serial_rivers_micro_c, chequers_serial_rivers_small_a,
          chequers_serial_rivers_marsh, chequers_serial_rivers_micro_a,
          chequers_serial_rivers_micro_d, chequers_jeans, minmay_lindwurm_lava,
          uniq_psyche, uniq_harold, uniq_pikel

Skill      XL: |  1  2  3  4  5  6  7  8  9 |
---------------+----------------------------+-----
Conjurations   | 4 5 6 7 8 |  8.8
Dodging        | 2 3 |  3.5
Spellcasting   | 2 3 4 6 7 |  7.4
Stealth        | 2 3 4 |  4.7
Fighting       | 1 2 3 4 |  4.8
Staves         | 1 2 |  2.8
Hexes          | 1 3 |  3.2
Evocations     | |  0.1

Action                   |  1- 3 |  4- 6 |  7- 9 | 10-12 || total
-------------------------+-------+-------+-------+-------++-------
Melee: Dagger            |     5 |       |       |       ||     5
       Long sword        |       |     4 |       |       ||     4
       Quarterstaff      |       |     5 |    53 |       ||    58
       Unarmed           |       |       |     1 |    18 ||    19
 Cast: Magic Dart        |    64 |    27 |     6 |       ||    97
       Searing Ray       |       |    35 |    56 |       ||    91
       Fulminant Prism   |       |       |    67 |       ||    67
       Dazzling Flash    |       |       |     2 |       ||     2
Evoke: Wand              |       |       |     2 |       ||     2
  Use: Scroll            |       |       |    15 |     1 ||    16
       Potion            |       |       |     5 |     1 ||     6
 Stab: Sleeping          |       |     2 |     2 |       ||     4
Armor: Robe              |     1 |     7 |    15 |       ||    23
       Steam dragon scal |       |       |    17 |       ||    17
       Skin              |       |       |       |     6 ||     6
Dodge: Dodged            |     5 |    15 |   118 |    31 ||   169

Table legend: (Time is in decaauts)
 A = Elapsed time spent in this place.
 B = Non-inter-level travel time spent in this place.
 C = Inter-level travel time spent in this place.
 D = Time resting spent in this place.
 E = Time spent auto-exploring this place.
 F = Levels seen in this place.
 G = Mean time per level.
                   A        B        C        D        E       F      G
               +--------+--------+--------+--------+--------+-----+--------+
         Total |  11165 |  10630 |    535 |    430 |   8877 |   8 | 1395.6 |
       Dungeon |  11165 |  10630 |    535 |    430 |   8877 |   8 | 1395.6 |
               +--------+--------+--------+--------+--------+-----+--------+

Top non-repeatable levels by time:
     D:4: 2026 daAuts
     D:6: 2013 daAuts
     D:2: 1771 daAuts
     D:7: 1603 daAuts
     D:5: 1272 daAuts
     D:3: 1179 daAuts
     D:1: 1140 daAuts
     D:8: 157 daAuts
